 Dungeon Crawl Stone Soup version 0.30.1-3-gfc49f6343a (webtiles) character file.

Game seed: 7568064043253775912

616 Descartes the Shield-Bearer (level 7, 0/56 HPs)
             Began as a Formicid Fighter on July 22, 2023.
             Was an Initiate of Gozag.
             Slain by an iguana (3 damage)
             ... on level 4 of the Dungeon.
             The game lasted 00:05:38 (3572 turns).

Descartes the Shield-Bearer (Formicid Fighter)      Turns: 3572, Time: 00:05:39

Health: 0/56       AC: 13    Str: 29      XL:     7   Next: 73%
Magic:  7/7        EV:  2    Int:  7      God:    Gozag
Gold:   176        SH:  0    Dex:  0 (13) Spells: 6/6 levels left

rFire   . . .        a - +0 war axe
rCold   . . .        c - +0 buckler
rNeg    . . .        u - +0 plate armour
rPois   .            (helmet unavailable)
rElec   .            (no cloak)
rCorr   .            g - +0 pair of gloves
SInv    +            (no boots)
Will    .....        (no amulet) Stlth
                     k - +6 ring of strength
HPRegen 0.29/turn    (no ring)
MPRegen 0.10/turn

%: no passive effects
@: gold aura, slowed, lost dexterity, very slow
A: permanent stasis, dig shafts and tunnels, antennae 3, four strong arms
a: Dig, Shaft Self, Renounce Religion, Potion Petition, Call Merchant, Bribe
Branch


You were on level 4 of the Dungeon.
You worshipped Gozag.
Gozag was aware of your devotion.
You visited 2 branches of the dungeon, and saw 5 of its levels.

You collected 248 gold pieces.
You paid 72 gold pieces to Gozag.

Inventory:

Hand Weapons
 a - a +0 war axe (weapon)
Missiles
 p - 8 poisoned darts
 w - a throwing net
Armour
 b - a +0 scale mail
 c - a +0 buckler (worn)
 g - a +0 pair of gloves (worn)
 u - a +0 plate armour (worn)
Jewellery
 k - a +6 ring of strength (left hand)
Wands
 d - a wand of roots (6)
 q - a wand of charming (8)
Scrolls
 e - 4 scrolls of teleportation
 f - a scroll of poison {unknown}
 h - a scroll of silence {unknown}
 j - 2 scrolls of enchant weapon
 l - a scroll of blinking
 s - a scroll of torment {unknown}
 x - a scroll of identify
Potions
 i - 3 potions of curing
 m - a potion of lignification
 n - a potion of brilliance
 o - a potion of attraction
 r - a potion of ambrosia
 t - a potion of heal wounds {unknown}
 v - a potion of mutation {unknown}


   Skills:
 - Level 5.0 Fighting
 + Level 4.4 Axes
 + Level 5.5 Armour
 + Level 6.6 Shields


You had 6 spell levels left.
You didn't know any spells.
Your spell library contained the following spells:

 Spells                   Type           Power      Damage    Failure   Level
 Magic Dart               Conj           0%         1d3       99%         1
 Poisonous Vapours        Pois/Air       0%         N/A       100%        2
 Searing Ray              Conj           0%         2d4       100%        2
 Inner Flame              Hex/Fire       0%         N/A       100%        3
 Mephitic Cloud           Conj/Pois/Air  0%         N/A       100%        3
 Flame Wave               Conj/Fire      0%         2d4       100%        4
 Fulminant Prism          Conj/Hex       0%         3d5       100%        4
 Sticky Flame             Conj/Fire      0%         2d3       100%        4
 Freezing Cloud           Conj/Ice/Air   0%         6-21      100%        5


Dungeon Overview and Level Annotations

Branches:
Dungeon (4/15)             Temple (1/1) D:4

Altars:
Ashenzari
Cheibriados
Dithmenos
Fedhas
Gozag
Makhleb
Nemelex Xobeh
Okawaru
Qazlal
Ru
Sif Muna
Trog
Vehumet
Wu Jian
Xom
Yredelemnul
The Shining One


Innate Abilities, Weirdness & Mutations

You cannot be hasted, slowed, berserked, paralysed or teleported.
You can dig through walls and to a lower floor.
You have a pair of large antennae on your head. (SInv)
Your four strong arms can wield two-handed weapons with a shield.


Message History

Unknown command.
You completely miss the hound.
The hound is almost dead.
You barely miss the iguana. The hound bites you but does no damage.
The iguana bites you. The hound bites you but does no damage.
Unknown command.
You barely miss the hound.
The hound is almost dead.
You barely miss the iguana. The hound bites you but does no damage.
The iguana bites you but does no damage.
The hound bites you but does no damage. The iguana bites you.
The hound bites you but does no damage.
You barely miss the hound.
The hound is almost dead.
You hit the iguana. The hound bites you but does no damage.
The iguana barely misses you. The hound bites you but does no damage.
The iguana bites you!
* * * LOW HITPOINT WARNING * * *
The hound bites you but does no damage.
You closely miss the iguana.
The iguana is heavily wounded.
You closely miss the hound. The hound bites you but does no damage.
The iguana bites you but does no damage.
The hound bites you.
* * * LOW HITPOINT WARNING * * *
The iguana bites you but does no damage.
The hound bites you but does no damage.
You hit the hound.
You kill the hound!
You hit the iguana.
The iguana bites you but does no damage.
The iguana bites you!
* * * LOW HITPOINT WARNING * * *
You feel your dexterity returning.
You hit the iguana.
The iguana is almost dead.
The iguana bites you but does no damage.
The iguana bites you.
You die...
Your body crumbles into a pile of gold.

#...########
#......
###....##
#......
####..####
#......
##....##
#......
####..#
#...... ##.#
#...... #.#
#......
#.#######
#......
#@.......
.......
#l$...... ##
#........
#........
#........
#........
#........
#........


You could see an iguana.

Vanquished Creatures
  Grinder (D:3)
  4 quasits (D:4)
  A hound (D:4)
  An orc priest (D:4)
  2 orc wizards (D:4)
  Robin (D:3)
  3 gnolls (D:3)
  6 adders
  A worm (D:3)
  6 orcs
  6 ball pythons
  8 endoplasms
  3 giant cockroaches
  13 goblins
  2 hobgoblins
  4 jackals
  7 kobolds
  A quokka (D:2)
  5 bats
  8 frilled lizards
  4 rats
87 creatures vanquished.

Notes
Turn   | Place    | Note
-------+----------+-------------------------------------------
     0 | D:1      | Descartes the Formicid Fighter began the quest for the Orb.
     0 | D:1      | Reached XP level 1. HP: 18/18 MP: 1/1
   219 | D:1      | Reached XP level 2. HP: 24/24 MP: 2/2
   361 | D:1      | Found a faded altar of an unknown god.
   759 | D:2      | Reached XP level 3. HP: 27/29 MP: 3/3
  1234 | D:3      | Reached XP level 4. HP: 37/37 MP: 4/4
  1455 | D:3      | Noticed Grinder
  1672 | D:3      | Reached XP level 5. HP: 6/42 MP: 5/5
  1924 | D:3      | Reached skill level 5 in Shields
  2059 | D:3      | Killed Grinder
  2060 | D:3      | Reached XP level 6. HP: 15/50 MP: 6/6
  2253 | D:3      | Noticed Robin
  2267 | D:3      | Killed Robin
  2371 | D:4      | Reached XP level 7. HP: 52/54 MP: 7/7
  2379 | D:4      | Reached skill level 5 in Fighting
  2379 | D:4      | Reached skill level 6 in Shields
  2386 | D:4      | Reached skill level 5 in Armour
  2402 | D:4      | Lost dexterity.
  3315 | D:4      | Found a staircase to the Ecumenical Temple.
  3328 | Temple   | Entered the Ecumenical Temple
  3514 | Temple   | Became a worshipper of Gozag Ym Sagoz the Greedy
  3571 | D:4      | HP: 2/56 [iguana (10)]
  3572 | D:4      | Slain by an iguana

Illustrated notes

Levels and vault maps discovered:
D:1:      minmay_arrival_diagonal_passages, layout_basic,
          shapermc_ecumenical_altar_notcrosses
D:2:      wander_river, layout_rooms, minmay_circle_x
D:3:      layout_basic, kennysheep_generic_room_4, uniq_grinder, uniq_robin
D:4:      cheibrodos_quashed, layout_basic, minmay_temple_entry_grid
Temple:   bh_familiar_temple

Skill      XL: |  1  2  3  4  5  6  7 |
---------------+----------------------+-----
Fighting       | 4 5 |  5.0
Armour         | 4 5 |  5.5
Shields        | 5 6 |  6.6
Axes           | 3 4 |  4.4

Action                     |  1- 3 |  4- 6 |  7- 9 || total
---------------------------+-------+-------+-------++-------
  Melee: War axe           |    75 |    87 |   125 ||   287
Ability: Dig               |       |     1 |       ||     1
    Use: Potion            |       |     3 |       ||     3
         Scroll            |       |       |     7 ||     7
 Armour: Scale mail        |    48 |    55 |   138 ||   241
         Plate armour      |       |       |    72 ||    72
  Dodge: Dodged            |    24 |    42 |    78 ||   144
  Block: Buckler           |    13 |    26 |    21 ||    60
